Unix NetHack Version 5.0.0-0 post-release - last build Jun 10 2026 00:39:30 (3ee93aec679c4c4259841fe613dc97188e26a321,branch:main).

Game began 2026-07-10 16:50:59, ended 2026-07-10 20:22:16.

Brudee, chaotic female human Rogue

                                             -------------
                  ################  #########.....`......|
                  #------------  #######     |...........|
    ----------    #.......>...+ #####        +...........|
    |(.......|    #|......[...|              --------.----
    |.********#####----.-------                      #
    |<(......|    #    @g####                        #
    --------.-    #        #                 #########
            #     #     ####               ###
            ##    #    ##  ###     --------|------
             #    #      ----.-    |.......%.....|
             #    #      |....|    |.........%...|
             (    #      |....-####..............|
             #    #    # |....|    ---------------
             #    #    ##-....|
      -------.----#    # ------
      |....<......######
      |.....{(...|
      ------------

Brudee the Robber       St:25 Dx:14 Co:18 In:10 Wi:11 Ch:9  Chaotic S:40667
Dlvl:9  $:890 HP:0(105) Pw:49(49) AC:-5 Xp:14/80273 T:11055  Burdened

Latest messages:
 You feel less concerned about becoming petrified.
 You see here a slime mold.
 There is a slime mold here; eat it? [ynq] (n) y
 My, this is a yummy slime mold!
 You have a little trouble lifting $ - 890 gold pieces.
 You no longer feel secure from petrification.
 You find a hidden door.
 You hit the winged gargoyle!
 The winged gargoyle hits!
 The winged gargoyle hits again!
 The winged gargoyle bites!
 You hit the winged gargoyle!
 The winged gargoyle hits!
 The winged gargoyle hits again!
 The winged gargoyle bites!
 You hit the winged gargoyle!
 The winged gargoyle hits!
 The winged gargoyle hits again!
 The winged gargoyle bites!
 You hit the winged gargoyle!
 You miss the winged gargoyle.
 The winged gargoyle drinks a murky potion!
 The winged gargoyle looks completely healed.
 The winged gargoyle hits!
 The winged gargoyle just misses!
 The winged gargoyle bites!
 You hit the winged gargoyle!
 The winged gargoyle misses!
 The winged gargoyle misses!
 The winged gargoyle bites!
 You miss the winged gargoyle.
 What do you want to drink? [S or ?*] ?
 You feel better.
 The winged gargoyle hits!
 The winged gargoyle hits again!
 The winged gargoyle misses!
 The winged gargoyle misses!
 The winged gargoyle hits!
 The winged gargoyle misses!
 What do you want to zap? [cdwEHOPU or ?*] ?
 What do you want to zap? [cdwEHOPU or ?*] <space>
 Never mind.
 Are you sure you want to pray? [yn] (n) y
 You begin praying to Kos.
 The winged gargoyle hits!
 The winged gargoyle misses!
 The winged gargoyle bites!
 You die...
 Do you want your possessions identified? [ynq] (y) y
 Do you want to see your attributes? [ynq] (y) q

Inventory:
 Coins    ('$')
  $ - 890 gold pieces
 Amulets  ('"')
  C - a blessed amulet of reflection (being worn)
 Weapons  (')')
  k - 10 cursed +0 daggers (at the ready)
  V - the very rusty very corroded +1 Grimtooth (weapon in right hand)
  N - the +0 Sting
  p - a +0 worm tooth
  Y - the +0 Orcrist
 Armor    ('[')
  Z - a cursed fireproof +5 elven leather helm (being worn)
  u - a blessed rustproof +0 pair of gauntlets of power (being worn)
  x - a cursed fireproof +1 pair of speed boots (being worn)
  A - a blessed fireproof +1 cloak of magic resistance (being worn)
 Comestibles  ('%')
  L - an uncursed lizard corpse
 Scrolls  ('?')
  f - 2 uncursed scrolls of destroy armor
 Rings    ('=')
  T - a cursed ring of invisibility
 Wands    ('/')
  c - a cursed wand of create monster (0:10)
  O - a wand of digging (0:6)
  E - a wand of fire (0:4)
  w - a wand of lightning (0:6)
  d - a cursed wand of polymorph (0:1)
  P - a cursed wand of sleep (0:3)
  U - a wand of slow monster (0:3)
  H - a wand of stasis (0:3)
 Tools    ('(')
  i - an uncursed sack containing 45 items
  R - an uncursed blindfold
  Q - a magic marker (1:32)

Contents of the sack:
  881 gold pieces
  an uncursed amulet of ESP
  a cursed amulet of ESP
  an uncursed partly eaten food ration
  2 uncursed food rations
  an uncursed lembas wafer
  2 uncursed tripe rations
  a cursed tin of little dog meat
  an uncursed scroll of create monster
  a cursed scroll of create monster
  an uncursed scroll of earth
  4 uncursed scrolls of enchant armor
  a cursed scroll of gold detection
  an uncursed scroll of teleportation
  an uncursed potion of booze
  an uncursed potion of confusion
  2 blessed potions of healing
  a cursed potion of healing
  3 uncursed potions of monster detection
  an uncursed potion of restore ability
  a blessed potion of sickness
  2 uncursed potions of sleeping
  10 uncursed potions of water
  an uncursed ring of conflict
  an uncursed ring of fire resistance
  an uncursed ring of levitation
  an uncursed ring of slow digestion
  a wand of digging (0:5)
  a wand of teleportation (0:2)
  an uncursed lock pick
  a +0 pick-axe
  an uncursed stethoscope
  an uncursed amber stone
  2 uncursed amethyst stones
  a cursed black opal
  2 uncursed chrysoberyl stones
  2 uncursed diamonds
  3 uncursed emeralds
  an uncursed garnet stone
  2 uncursed rubies
  an uncursed topaz stone
  an uncursed turquoise stone
  an uncursed worthless piece of black glass
  3 uncursed worthless pieces of blue glass
  a cursed luckstone

Brudee the Rogue's attributes:

Background:
 You were a Robber, a level 14 female human Rogue.
 You were chaotic, on a mission for Kos
 who was opposed by Issek (lawful) and Mog (neutral).
 You were right-handed.
 You were in the Dungeons of Doom, on level 9.
 You entered the dungeon 11055 turns ago.
 You had 80273 experience points, 79727 more were needed to attain level 15.
 Your score was 40667 before end-of-game adjustments.

Basics:
 You had 0 out of 105 hit points.
 You had all 49 energy points (spell power).
 Your armor class was -5.
 Your wallet contained 890 zorkmids, and
 you had 881 more stashed away in your pack.
 Autopickup was on for '$"?!=/' plus thrown.

Final Characteristics:
 Your strength was 25 (base:16, innate limit:18/100).
 Your dexterity was 14 (peak:18, limit:18).
 Your constitution was 18 (limit:18).
 Your intelligence was 10 (limit:18).
 Your wisdom was 11 (limit:18).
 Your charisma was 9 (limit:18).

Final Status:
 You weren't hungry.
 You were burdened; movement was slightly slowed.
 You were wielding a dagger.
 You had expert skill with dagger.

Final Attributes:
 You were piously aligned.
 You were magic-protected.
 You were poison resistant.
 You were telepathic.
 You were aware of the presence of elves.
 You had automatic searching.
 You were stealthy.
 You had a small defense bonus (+4).
 You were warded.
 You were very fast.
 You had reflection.
 You were unlucky.
 You are dead.

Miscellaneous:
 You didn't encounter any bones levels.
 Total elapsed playing time was 3 hours, 31 minutes and 16 seconds.

Major events:
 Turn
    1: Brudee the chaotic female human Rogue entered the dungeon
  605: attained the rank of Cutpurse (level 3)
  675: found Grimtooth in a shop
 2014: entered the Gnomish Mines
 2026: reached Mine Town
 2478: attained the rank of Rogue (level 6)
 3809: acquired the Mines' End luckstone
 6467: entered Sokoban
 6729: completed 1st Sokoban level
 7178: completed 2nd Sokoban level
 7424: completed 3rd Sokoban level
 8153: completed 4th Sokoban level
 8314: attained the rank of Pilferer (level 10)
 8360: acquired the Sokoban amulet of reflection
 8418: chose an elven dagger to be named "Sting"
 8419: chose a runed broadsword to be named "Orcrist"
 8812: entered the Bigroom
10647: attained the rank of Robber (level 14)
11055: killed by a winged gargoyle, while praying

Spells:
 Name                 Level Category     Fail Retention
 light                  1   divination    84%   51%-75%
 confuse monster        1   enchantment   84%   51%-75%
 create monster         2   clerical      90%    (gone)

Skills:
 Fighting Skills
   bare handed combat [Unskilled]
   two weapon combat  [Unskilled]
   riding             [Unskilled]
 Weapon Skills
   dagger             [Expert]
   knife              [Unskilled]
   short sword        [Basic]
   broadsword         [Unskilled]
   long sword         [Unskilled]
   two-handed sword   [Unskilled]
   saber              [Unskilled]
   club               [Unskilled]
   mace               [Unskilled]
   morning star       [Unskilled]
   flail              [Unskilled]
   hammer             [Unskilled]
   polearms           [Unskilled]
   spear              [Unskilled]
   crossbow           [Unskilled]
   dart               [Unskilled]
   shuriken           [Unskilled]
 Spellcasting Skills
   divination spells  [Unskilled]
   escape spells      [Unskilled]
   matter spells      [Unskilled]

Voluntary challenges:
 Character rerolling was not enabled.
 You never genocided any monsters.
 You never polymorphed an object.
 You never changed form.
 You used no wishes.
 You did not violate any of the special Sokoban rules.
Achievements:
 You entered a shop.
 You attained the rank of Cutpurse.
 You entered the Gnomish Mines.
 You entered Minetown.
 You entered a temple.
 You attained the rank of Rogue.
 You completed the Gnomish Mines.
 You entered Sokoban.
 You attained the rank of Pilferer.
 You completed Sokoban.
 You entered the Big Room.
 You attained the rank of Robber.

 The Dungeons of Doom: levels 1 to 10
    Level 1:
    Level 2:
       An armor shop, a grave.
       Stairs down to The Gnomish Mines.
    Level 3:
       A fountain.
    Level 4:
       A fountain.
    Level 5:
       A fountain, a grave.
    Level 6:
       A sink.
    Level 7:
       Some fountains, a sink.
    Level 8:
       Many fountains.
       Oracle of Delphi.
    Level 9: <- You were here.
       A fountain.
       Stairs up to Sokoban, level 8.
       Final resting place for
          you, killed by a winged gargoyle, while praying.
    Level 10:
       A very big room.
 The Gnomish Mines: levels 3 to 11
    Level 3:
    Level 4:
    Level 5:
       Many shops, a temple and an altar, some fountains, some trees.
    Level 6:
    Level 7:
    Level 8:
    Level 9:
    Level 10:
    Level 11:
 Sokoban: levels 8 up to 5
    Level 5:
       Solved.
    Level 6:
       Solved.
    Level 7:
       Solved.
    Level 8:
       Solved.


Vanquished creatures:
  a stone golem
  2 watch captains
  2 giant mimics
  a long worm
 an ogre tyrant
  a stalker
 an earth elemental
  3 giant mummies
  a xorn
  a warg
  2 winter wolves
  a hell hound pup
  a warhorse
  2 xans
  2 quantum mechanics
  a troll
  a gelatinous cube
  a freezing sphere
  4 flaming spheres
  2 large cats
  2 gargoyles
  2 dwarf rulers
  4 tengu
  2 ochre jellies
 an energy vortex
  a human mummy
  a python
  2 wraiths
 an ettin zombie
  2 leather golems
  a soldier
  3 watchmen
  3 quivering blobs
  2 wolves
  a winter wolf cub
  2 leprechauns
 an orc-captain
 an iron piercer
  3 mumakil
  5 giant spiders
  2 scorpions
  a vampire bat
  a forest centaur
  4 gnome rulers
  a dwarf mummy
  a rust monster
 an owlbear
  2 Green-elves
  2 lizards
  5 chickatrices
  2 dogs
  a housecat
  a jaguar
  a dust vortex
  a gnome mummy
  2 snakes
  2 apes
  5 soldier ants
  4 bugbears
  3 wood nymphs
  3 water nymphs
  3 mountain nymphs
  6 Uruk-hai
 an orc shaman
  2 rock piercers
  a rock mole
  4 ponies
  a fog cloud
  2 violet fungi
 21 gnome leaders
  3 gnomish wizards
  2 kobold mummies
  3 straw golems
  a paper golem
  4 giant ants
  3 little dogs
  2 floating eyes
  4 kittens
 22 dwarves
  a kobold shaman
  2 rothes
  a rabid rat
  a centipede
  a monkey
  2 dwarf zombies
  a werejackal
  6 iguanas
  2 killer bees
  4 acid blobs
  a coyote
  a gas spore
  7 hobbits
  8 manes
  a large kobold
  8 hobgoblins
  2 giant rats
  a brown mold
  a yellow mold
 71 gnomes
  2 garter snakes
  2 gnome zombies
  8 geckos
 10 jackals
  a fox
  a kobold
  2 goblins
  6 grid bugs
  3 bats
  8 lichens
  3 kobold zombies
  8 newts
377 creatures vanquished.

No species were genocided or became extinct.

Game over:
                       ----------
                      /          \
                     /    REST    \
                    /      IN      \
                   /     PEACE      \
                  /                  \
                  |      Brudee      |
                  |     1771 Au      |
                  |   killed by a    |
                  | winged gargoyle  |
                  |                  |
                  |                  |
                  |       2026       |
                 *|     *  *  *      | *
        _________)/\\_//(\/(/\)/\//\/|_)_______

Goodbye Brudee the Rogue...

You died in The Dungeons of Doom on dungeon level 9 with 40490 points,
and 1771 pieces of gold, after 11055 moves.
You were level 14 with a maximum of 105 hit points when you died.

